AoeStats
← Seaside Jack

Arabia

510165753Analyzed
1v1 RM · 2d ago on Sep 29, 2026· 33m 33s· 2 players
Game mode
Random Map
Map size
Tiny (2 player)
Population
200
Speed
Normal
Resources
Standard
Victory
Conquest
Starting age
Dark Age
Ending age
Imperial Age
RankedLock teamsTeams togetherTeam positionsShared explorationLock speedFull tech treeHidden civsTurbo modeCheats
Victory
Defeat
🇭🇰 Japanese · Hong Kong SAR China
963
+15
🇩🇪 Maya · Germany
935
-15
simple_mind
0:32 Loom
9:57 Feudal Age
11:27 Double-Bit Axe
15:34 Horse Collar
20:37 Castle Age
18:42 Fletching
21:58 Bodkin Arrow
22:37 Bow Saw
22:29 Heavy Plow
23:17 Padded Archer Armor
24:00 Scale Mail Armor
26:33 Thumb Ring
27:46 Wheelbarrow
27:51 Gold Mining
29:00 Ballistics
31:11 Stone Mining
31:13 Crossbowman
31:16 Eagle Warrior
Seaside Jack
3:46 Loom
10:47 Feudal Age
11:12 Man-at-Arms
16:57 Forging
17:40 Scale Mail Armor
17:29 Arson
20:19 Fletching
20:20 Double-Bit Axe
24:42 Castle Age
23:13 Gold Mining
23:14 Stone Mining
23:09 Horse Collar
25:51 Wheelbarrow
27:41 Iron Casting
27:08 Squires
26:29 Long Swordsman
27:20 Bodkin Arrow
28:17 Gambesons
30:31 Chain Mail Armor
30:23 Heavy Plow
30:36 Bow Saw
30:40 Elite Skirmisher
33:03 Hand Cart
Connection lost

Rejoining the realm…

Still unreachable

The connection could not be restored.

Session expired

The server has moved on; the page needs a fresh start.